 Dungeon Crawl Stone Soup version 0.27.1-34-g3ba077fa99 (webtiles) character file.

Game seed: 15963551286957501508

90102 MilesTheDWarrior the Fencer (level 15, -5/141 HPs)
             Began as a Minotaur Gladiator on Jan 27, 2022.
             Was a High Priest of Nemelex Xobeh.
             Slain by a tyrant leech (40 damage)
             ... on level 1 of the Swamp on Jan 28, 2022.
             The game lasted 02:17:25 (19436 turns).

MilesTheDWarrior the Fencer (Minotaur Gladiator)   Turns: 19436, Time: 02:17:26

Health: -5/141     AC: 18    Str: 35    XL:     15   Next: 51%
Magic:  21/23      EV: 16    Int: 11    God:    Nemelex Xobeh [*****.]
Gold:   1905       SH:  7    Dex: 13    Spells: 20/26 levels left

rFire    . . .     SeeInvis .   M - +6 scimitar (flame)
rCold    . . .     Faith    .   O - +2 buckler
rNeg     + . .     Spirit   .   J - +5 ring mail of Xudal {Regen+ Str+2}
rPois    +         Reflect  .   U - +2 hat {Int+3}
rElec    .         Harm     .   j - +0 cloak
rCorr    .         Rampage  .   D - +1 pair of gloves {archery}
Will     +....                  (no boots)
Stlth    +.........             h - amulet of regeneration
HPRegen  2.33/turn              E - +6 ring of strength
MPRegen  0.18/turn              i - ring of Mimus {Wiz rPois rN+ Str+6}

@: lethally poisoned (-5 -> -5), wereblooded, studying Throwing
A: horns 2, retaliatory headbutt
a: Renounce Religion, Draw Escape, Draw Destruction, Draw Summoning, Triple
Draw, Deal Four, Stack Five


You were on level 1 of the Swamp.
You worshipped Nemelex Xobeh.
Nemelex Xobeh was extremely pleased with you.
You visited 5 branches of the dungeon, and saw 22 of its levels.
You also visited: Sewer and Volcano.

You collected 2425 gold pieces.
You spent 520 gold pieces at shops.

Inventory:

Hand Weapons
 A - a +1 great sword of holy wrath
 M - a +6 scimitar of flaming (weapon)
 Q - a +2 great sword of flaming
Missiles
 c - 2 silver boomerangs
 d - 2 throwing nets
 m - 7 javelins
 w - 76 poisoned darts (quivered)
Armour
 j - a +0 cloak (worn)
 D - a +1 pair of gloves of archery (worn)
 J - the +5 ring mail of Xudal (worn) {Regen+ Str+2}
   (You found it on level 10 of the Dungeon)

   Str:       It affects your strength (+2).
   Regen:     It increases your rate of health regeneration.
 O - a +2 buckler (worn)
 U - a +2 hat of intelligence (worn)
 V - the +4 plate armour "Veles" {rF- rN++ Str+3 Slay+3}
   (You found it on level 6 of the Lair of Beasts)

   Str:       It affects your strength (+3).
   Slay:      It affects your accuracy & damage with ranged weapons and melee
   (+3).
   rF:        It makes you vulnerable to fire.
   rN:        It greatly protects you from negative energy.
Jewellery
 g - a ring of resist corrosion
 h - an amulet of regeneration (around neck)
 i - the ring of Mimus (right hand) {Wiz rPois rN+ Str+6}
   (You acquired it on level 6 of the Lair of Beasts)

   [ring of wizardry]

   It improves your spell success rate.
   Str:       It affects your strength (+6).
   rPois:     It protects you from poison.
   rN:        It protects you from negative energy.
 s - a +6 ring of intelligence
 E - a +6 ring of strength (left hand)
 P - a ring of flight
Wands
 b - a wand of charming (14)
 l - a wand of acid (22)
 u - a wand of mindburst (9)
 y - a wand of flame (26)
 H - a wand of paralysis (10)
 I - a wand of polymorph (19)
 K - a wand of iceblast (28)
Scrolls
 a - 2 scrolls of blinking
 k - a scroll of brand weapon
 o - 2 scrolls of fog
 q - 7 scrolls of teleportation
 x - a scroll of holy word
 G - a scroll of summoning
 L - 4 scrolls of magic mapping
Potions
 e - 4 potions of attraction
 f - 7 potions of curing
 n - 5 potions of might
 p - 5 potions of haste
 r - 5 potions of brilliance
 t - 2 potions of heal wounds
 v - a potion of flight
 z - a potion of lignification
 B - 3 potions of resistance
 C - 2 potions of cancellation {unknown}
 F - 3 potions of berserk rage
 N - 3 potions of invisibility
 R - 2 potions of ambrosia
 S - a potion of mutation {unknown}
 T - a potion of magic {unknown}
Miscellaneous
 W - a phantom mirror


   Skills:
 * Level 15.6 Fighting
 * Level 15.8 Long Blades
 + Level 4.3 Throwing
 + Level 11.4 Armour
 + Level 11.0 Dodging
 + Level 5.8 Shields
 + Level 6.0 Spellcasting
 + Level 7.1 Transmutations
 + Level 8.7 Invocations


You had 20 spell levels left.
You knew the following spells:

 Your Spells              Type           Power      Damage    Failure   Level
a - Wereblood             Tmut           19%        N/A       1%          2
p - Passage of Golubria   Tloc           N/A        N/A       65%         4

Your spell library contained the following spells:

 Spells                   Type           Power      Damage    Failure   Level
 Magic Dart               Conj           12%        1d3       10%         1
 Call Imp                 Summ           3%         N/A       16%         2
 Static Discharge         Conj/Air       3%         N/A       16%         2
 Sublimation of Blood     Necr           1%         N/A       16%         2
 Ice Form                 Ice/Tmut       11%        N/A       22%         4
 Frozen Ramparts          Ice            6%         1d2       28%         3
 Mephitic Cloud           Conj/Pois/Air  3%         N/A       28%         3
 Tukima's Dance           Hex            3%         N/A       28%         3
 Yara's Violent Unravell  Hex/Tmut       5%         3d4       50%         5
 Summon Ice Beast         Ice/Summ       3%         N/A       65%         4
 Lightning Bolt           Conj/Air       1%         1d12      92%         5
 Summon Hydra             Summ           1%         N/A       100%        7
 Maxwell's Capacitive Co  Air            1%         ∞         100%        8


Dungeon Overview and Level Annotations

Branches:
Dungeon (12/15)            Temple (1/1) D:4            Lair (6/6) D:10
  Swamp (1/4) Lair:2       Spider (0/4) Lair:2        Slime (0/5) Lair:6
    Orc (2/2) D:9             Elf (0/3) Orc:2         Sewer (visited)
Volcano (visited)

Altars:
Ashenzari
Cheibriados
Dithmenos
Elyvilon
Fedhas
Gozag
Hepliaklqana
Kikubaaqudgha
Makhleb
Nemelex Xobeh
Okawaru
Qazlal
Ru
Sif Muna
Trog
Uskayaw
Vehumet
Wu Jian
Xom
Yredelemnul
Zin
The Shining One
Beogh

Shops:
D:6 (   Orc:2 ?:([

Annotations:
Lair:1 3 runed translucent doors, Ilitz's ghost, journeyman TrBe


Innate Abilities, Weirdness & Mutations

You have a pair of horns on your head.
You reflexively headbutt those who attack you in melee.


Message History

The six-headed hydra bites you but does no damage.
The six-headed hydra bites you!
You block the six-headed hydra's attack.
The six-headed hydra bites you but does no damage.
The six-headed hydra misses you. The six-headed hydra barely misses you.
The swamp dragon closely misses you. You furiously retaliate!
You headbutt the swamp dragon!
You riposte.
You slice the swamp dragon!! You burn the swamp dragon.
You feel a bit better.
You kill the swamp dragon!
You slice the spriggan druid!! You burn the spriggan druid!
With its final breath, the spriggan druid offers up its power to the beasts of the wild!
The tyrant leech seems to grow more fierce.
The swamp drake seems to grow more fierce.
The six-headed hydra seems to grow more fierce.
You feel a bit better.
You kill the spriggan druid!
You feel sick.
The six-headed hydra bites you but does no damage.
The six-headed hydra bites you! The six-headed hydra bites you.
The six-headed hydra bites you! The six-headed hydra bites you!!
The six-headed hydra bites you!
The tyrant leech is engulfed in poison gas.
The tyrant leech is poisoned.
The tyrant leech bites you but does no damage.
You slice the tyrant leech!! You burn the tyrant leech.
You headbutt the tyrant leech.
The tyrant leech is almost dead.
You feel sick.
You closely miss the tyrant leech.
The tyrant leech is almost dead.
You feel sick. The swamp drake closely misses you. You furiously retaliate!
You headbutt the swamp drake. The six-headed hydra bites you!
The six-headed hydra barely misses you. The six-headed hydra bites you!!
The six-headed hydra bites you. The six-headed hydra bites you!
* * * LOW HITPOINT WARNING * * *
The six-headed hydra bites you but does no damage.
The tyrant leech is engulfed in poison gas.
The tyrant leech looks even sicker.
The tyrant leech bites you!!!
You die...
Your body glows with a rainbow of weird colours and disappears.

♣.≈..≈...≈...#
♣♣.♣.≈≈..≈..≈..
♣............#
♣...≈≈......#
♣....≈≈...≈.## .#
♣.≈..°≈.....### ..#
♣♣...≈kDw.≈..#.##..##
♣...≈≈°@°♣♣≈..........
....§.°°○♣≈§≈.......≈.
..♣.≈.♣.≈..≈≈≈........
≈...≈....♣.≈≈≈....≈≈.
.♣≈...♣≈♣♣♣≈.......♣
♣≈≈≈.≈♣♣♣ ♣♣♣.≈≈.≈≈♣♣≈
♣.≈♣§ ♣........≈ ..≈♣
♣♣≈.≈.....♣♣♣
♣♣♣≈..≈≈.♣.....


You could see a six-headed hydra (strong), a tyrant leech (strong, very
poisoned) and a swamp drake (strong).

Vanquished Creatures
  Gastronok (Lair:3)
  2 orc warlords
  A boulder beetle (Lair:2)
  A shambling mangrove (Swamp:1)
  10 hydras
  A ghost crab (Swamp:1)
  Erica (Lair:1)
  2 ogre magi (D:11)
  3 catoblepae (Lair:6)
  A dancing weapon (Volcano)
  8 two-headed ogres
  2 alligators (Swamp:1)
  6 death yaks (Lair:6)
  Urug (Lair:6)
  2 goliath frogs (Swamp:1)
  A spriggan druid (Swamp:1)
  3 swamp dragons
  4 wizards (Volcano)
  3 manticores
  An oklob plant (Lair:6)
  An ugly thing (D:12)
  2 orc sorcerers (Orc:1)
  5 toenail golems (Volcano)
  A will-o-the-wisp (Swamp:1)
  2 shining eyes
  11 elephants
  Joseph (D:10)
  4 black mambas
  12 cane toads
  Maggie (D:7)
  An unseen horror (D:10)
  10 komodo dragons
  A kobold demonologist (D:6)
  The ghost of Jazqba the Ruffian, an amateur TrBe of Trog (D:4)
  4 rime drakes
  2 trolls
  9 hornets
  6 tyrant leeches (Swamp:1)
  3 polar bears
  A jumping spider (Lair:2)
  28 blink frogs
  12 slime creatures (D:12)
  A redback (Lair:2)
  52 yaks
  14 spriggans
  2 wyverns (Lair:6)
  A vampire (D:5)
  2 shadows
  2 wraiths
  5 basilisks
  A steam dragon (D:9)
  4 vampire mosquitoes (D:12)
  2 wargs (Orc:1)
  3 swamp worms (Swamp:1)
  Duvessa (D:7)
  12 water moccasins
  2 acid dragons
  28 orc warriors
  4 sky beasts
  2 swamp drakes (Orc:2)
  2 necrophages
  5 black bears
  A hornet zombie (D:6)
  9 ogres
  3 boggarts (Lair:4)
  9 centaurs
  9 wolves
  2 phantoms
  2 kobold brigands
  16 bullfrogs
  A wyvern zombie (D:6)
  A gnoll sergeant (D:12)
  Dowan (D:7)
  3 scorpions
  6 killer bees (D:11)
  9 wights
  A crimson imp (D:7)
  5 centaur zombies
  2 hounds
  A jelly (Orc:2)
  18 orc priests
  A gnoll shaman (D:7)
  2 bullfrog skeletons
  An iguana (D:5)
  34 orc wizards
  A howler monkey zombie (D:9)
  12 gnolls
  6 adders
  4 shadow imps (D:6)
  5 dart slugs
  78 orcs
  5 bats
  7 endoplasms
  3 giant cockroaches
  8 goblins
  4 hobgoblins
  2 jackals (D:1)
  13 kobolds
  3 quokkas
  10 ball pythons
  11 frilled lizards
  14 rats
640 creatures vanquished.

Vanquished Creatures (collateral kills)
  An ogre (D:11)
  An orc priest (D:12)
  An orc (D:12)
3 creatures vanquished.

Vanquished Creatures (others)
  A two-headed ogre (D:12)
  A wizard (Volcano)
  An orc warrior (Orc:2)
  62 fungi
  43 plants
108 creatures vanquished.

Grand Total: 751 creatures vanquished

Notes
Turn   | Place    | Note
-------+----------+-------------------------------------------
     0 | D:1      | MilesTheDWarrior the Minotaur Gladiator began the quest for
                  | the Orb.
     0 | D:1      | Reached XP level 1. HP: 18/18 MP: 0/0
   331 | D:1      | Reached XP level 2. HP: 25/25 MP: 1/1
  1039 | D:2      | Reached skill level 1 in Armour
  1203 | D:2      | Reached XP level 3. HP: 31/31 MP: 2/2
  1290 | D:2      | Found a faded altar of an unknown god.
  1775 | D:3      | Found a glowing drain.
  1794 | Sewer    | Entered a sewer
  1799 | Sewer    | Reached XP level 4. HP: 39/39 MP: 3/3
  3080 | D:4      | Found a basalt altar of Yredelemnul.
  3081 | D:4      | Found a sacrificial altar of Ru.
  3107 | D:4      | Found a blossoming altar of Fedhas.
  3108 | D:4      | Found a shadowy altar of Dithmenos.
  3108 | D:4      | Found a hide-covered altar of Uskayaw.
  3109 | D:4      | Found an opulent altar of Gozag.
  3109 | D:4      | Found an iron altar of Okawaru.
  3110 | D:4      | Found a shimmering blue altar of Sif Muna.
  3166 | D:4      | Reached skill level 5 in Long Blades
  3166 | D:4      | Reached XP level 5. HP: 45/46 MP: 4/4
  3429 | D:4      | Found a staircase to the Ecumenical Temple.
  3438 | Temple   | Entered the Ecumenical Temple
  3463 | Temple   | Became a worshipper of Nemelex Xobeh the Trickster
  3553 | D:4      | Noticed a phantom
  3562 | D:4      | Killed a phantom
  3633 | D:4      | Noticed a black bear
  3639 | D:4      | Killed a black bear
  3640 | D:4      | Reached skill level 5 in Fighting
  3640 | D:4      | Reached XP level 6. HP: 53/56 MP: 5/5
  3694 | D:4      | Noticed Jazqba's ghost (amateur TrBe)
  3750 | D:4      | Found a runed translucent door.
  4147 | D:5      | Entered Level 5 of the Dungeon
  4147 | D:5      | Noticed a vampire
  4178 | D:5      | Noticed a sky beast
  4187 | D:5      | Killed a sky beast
  4255 | D:5      | Noticed a water moccasin
  4259 | D:5      | Killed a water moccasin
  4260 | D:5      | Reached XP level 7. HP: 62/62 MP: 6/6
  4424 | D:5      | Killed a vampire
  4453 | D:5      | Reached skill level 5 in Dodging
  4642 | D:5      | Reached * piety under Nemelex Xobeh
  4653 | D:5      | Reached XP level 8. HP: 70/71 MP: 7/7
  4864 | D:6      | Found a transporter.
  4873 | D:6      | Found a transporter.
  4952 | D:6      | Received a gift from Nemelex Xobeh
  4980 | D:6      | Noticed a kobold demonologist
  5056 | D:6      | Found Owaikhlo's Weapon Shop.
  5064 | D:6      | Bought a +1 great sword of holy wrath for 280 gold pieces
  5145 | D:6      | Reached skill level 5 in Armour
  5148 | D:6      | Learned a level 2 spell: Wereblood
  5621 | D:7      | Received a gift from Nemelex Xobeh
  5649 | D:7      | Reached ** piety under Nemelex Xobeh
  5696 | D:7      | Reached skill level 1 in Invocations
  5771 | D:7      | Found a burning altar of Makhleb.
  5771 | D:7      | Found a shimmering altar of Xom.
  5776 | D:7      | Reached XP level 9. HP: 82/82 MP: 8/8
  5827 | D:7      | Noticed Dowan
  5829 | D:7      | Noticed Duvessa
  5835 | D:7      | Killed Duvessa
  5836 | D:7      | Reached skill level 1 in Transmutations
  5841 | D:7      | Killed Dowan
  6040 | D:7      | Noticed Maggie
  6051 | D:7      | Killed Maggie
  6052 | D:7      | Reached skill level 1 in Spellcasting
  6198 | D:7      | Found a glowing golden altar of the Shining One.
  6233 | D:7      | Found a radiant altar of Vehumet.
  6583 | D:8      | Identified the +2 leather armour of Loss {Regen+ Int+5
                  | Dex-2}
  7232 | D:9      | Paralysed by an orc for 5 turns
  7264 | D:9      | Reached *** piety under Nemelex Xobeh
  7313 | D:9      | Found a staircase to the Orcish Mines.
  7371 | D:9      | Reached XP level 10. HP: 91/91 MP: 11/11
  7624 | D:9      | Reached skill level 10 in Long Blades
  7835 | Orc:1    | Entered Level 1 of the Orcish Mines
  7863 | D:10     | Entered Level 10 of the Dungeon
  7967 | D:10     | Noticed Joseph
  7967 | D:10     | Noticed a two-headed ogre
  7978 | D:10     | Killed a two-headed ogre
  7979 | D:10     | Reached skill level 10 in Fighting
  7989 | D:10     | Killed Joseph
  8050 | D:10     | Noticed a manticore
  8071 | D:10     | Killed a manticore
  8099 | D:10     | Found a staircase to the Lair.
  8360 | D:10     | Identified the +5 ring mail of Xudal {Regen+ Str+2}
  8459 | D:10     | Reached XP level 11. HP: 95/101 MP: 14/14
  8639 | D:11     | Noticed a two-headed ogre
  8641 | D:11     | Noticed an ogre mage
  8647 | D:11     | Killed an ogre mage
  8650 | D:11     | Noticed a two-headed ogre
  8652 | D:11     | Killed a two-headed ogre
  8652 | D:11     | Noticed a two-headed ogre
  8654 | D:11     | Identified the +0 hand axe "Tuchew" {antimagic, Contam rC+
                  | rN+ Stlth+}
  8654 | D:11     | Noticed a two-headed ogre
  8660 | D:11     | Killed a two-headed ogre
  8661 | D:11     | Reached **** piety under Nemelex Xobeh
  8686 | D:11     | Received a gift from Nemelex Xobeh
  8889 | D:11     | Killed a two-headed ogre
  8905 | D:11     | Killed a two-headed ogre
  9152 | D:11     | Noticed a two-headed ogre
  9153 | D:11     | Noticed an ogre mage
  9155 | D:11     | Noticed a two-headed ogre
  9155 | D:11     | Noticed a two-headed ogre
  9159 | D:11     | Killed a two-headed ogre
  9160 | D:11     | Reached skill level 5 in Invocations
  9161 | D:11     | Killed a two-headed ogre
  9166 | D:11     | Killed a two-headed ogre
  9169 | D:11     | Killed an ogre mage
  9325 | D:12     | Reached XP level 12. HP: 111/112 MP: 14/16
  9360 | D:12     | Received a gift from Nemelex Xobeh
  9927 | D:12     | Noticed a two-headed ogre
  9951 | D:12     | Killed a two-headed ogre
 10047 | D:12     | Found a glowing golden altar of the Shining One.
 10297 | Lair:1   | Entered Level 1 of the Lair of Beasts
 10465 | Lair:1   | Received a gift from Nemelex Xobeh
 10673 | Lair:1   | Noticed a five-headed hydra
 10680 | Lair:1   | Killed a seven-headed hydra
 10790 | Lair:1   | Reached ***** piety under Nemelex Xobeh
 10874 | Lair:1   | Noticed Erica
 10882 | Lair:1   | Killed Erica
 11018 | Lair:1   | Found a runed translucent gate.
 11019 | Lair:1   | Noticed Ilitz's ghost (journeyman TrBe)
 11020 | Lair:1   | Noticed a ten-headed hydra
 11021 | Lair:1   | Found a runed translucent gate.
 11021 | Lair:1   | Found a runed translucent gate.
 11567 | Lair:2   | Reached skill level 5 in Transmutations
 11593 | Lair:2   | Found a staircase to the Swamp.
 11637 | Lair:2   | Received a gift from Nemelex Xobeh
 11640 | Lair:2   | Found a shimmering altar of Xom.
 11652 | Lair:2   | Noticed an eight-headed hydra
 11657 | Lair:2   | Killed a six-headed hydra
 11715 | Lair:2   | Found a hole to the Spider Nest.
 11763 | Lair:2   | Found a dark tunnel.
 11773 | Volcano  | Entered a volcano
 11884 | Volcano  | Reached XP level 13. HP: 122/122 MP: 18/18
 12329 | Lair:2   | You fall into a shaft and drop 2 floors!
 12379 | Lair:4   | Received a gift from Nemelex Xobeh
 12540 | Lair:4   | Received a gift from Nemelex Xobeh
 12696 | Lair:4   | Reached skill level 10 in Armour
 13111 | Lair:4   | Reached skill level 1 in Shields
 13179 | Lair:4   | Reached skill level 5 in Spellcasting
 13457 | Lair:5   | Reached skill level 10 in Dodging
 13548 | Lair:5   | Reached XP level 14. HP: 131/132 MP: 20/20
 13585 | Lair:5   | Received a gift from Nemelex Xobeh
 14270 | Lair:6   | Entered Level 6 of the Lair of Beasts
 14405 | Lair:6   | Received a gift from Nemelex Xobeh
 14630 | Lair:6   | Identified the +4 plate armour "Veles" {rF- rN++ Str+3
                  | Slay+3}
 14756 | Lair:6   | Reached skill level 15 in Long Blades
 14808 | Lair:6   | Noticed Urug
 14894 | Lair:6   | Killed Urug
 15072 | Lair:6   | Reached skill level 15 in Fighting
 15213 | Lair:6   | Received a gift from Nemelex Xobeh
 15273 | Lair:6   | Identified 2 scrolls of acquirement
 15274 | Lair:6   | Acquired a manual of Throwing
 15276 | Lair:6   | Acquired the ring of Mimus {Wiz rPois rN+ Str+6}
 15612 | Lair:6   | Found a staircase to the Slime Pits.
 15878 | Lair:3   | Reached ****** piety under Nemelex Xobeh
 16299 | Lair:3   | Received a gift from Nemelex Xobeh
 16384 | Lair:3   | Noticed Gastronok
 16387 | Lair:3   | Killed Gastronok
 16559 | Lair:3   | Reached XP level 15. HP: 141/141 MP: 22/22
 16846 | D:4      | Learned a level 4 spell: Passage of Golubria
 16851 | D:4      | Killed Jazqba's ghost
 17163 | Orc:2    | Entered Level 2 of the Orcish Mines
 17265 | Orc:2    | Received a gift from Nemelex Xobeh
 17363 | Orc:2    | Found Xazxujou's Magic Scroll Shop.
 17389 | Orc:2    | Bought a scroll of holy word for 120 gold pieces
 17389 | Orc:2    | Bought a scroll of enchant armour for 120 gold pieces
 17463 | Orc:2    | Reached skill level 5 in Shields
 17598 | Orc:2    | Received a gift from Nemelex Xobeh
 17672 | Orc:2    | Found a staircase to the Elven Halls.
 17746 | Orc:2    | Found Kos Baito's Book Shop.
 17843 | Orc:2    | Noticed an orc warlord
 17862 | Orc:2    | Killed an orc warlord
 17956 | Orc:2    | Found Ocwaykla's Antique Armour Boutique.
 17958 | Orc:2    | Found Umefaall's Antique Weapon Shop.
 18497 | Orc:1    | Noticed an orc warlord
 18514 | Orc:1    | Killed an orc warlord
 18645 | Orc:1    | Received a gift from Nemelex Xobeh
 19000 | Swamp:1  | Entered Level 1 of the Swamp
 19348 | Swamp:1  | Received a gift from Nemelex Xobeh
 19436 | Swamp:1  | Slain by a tyrant leech

Illustrated notes

Levels and vault maps discovered:
D:1:      dpeg_arrival_round_c, layout_loops_ring
D:2:      kennysheep_the_goblin_king, layout_loops_ring, basic_ecumenical_altar
D:3:      cheibrodos_helix_gallery, layout_loops_corners, portal_sewer_entry_c,
          minivault_5
D:4:      layout_basic, grunt_temple_overflow_open, minmay_temple_entry_grid,
          hellmonk_ghost_happy_afterlife
D:5:      layout_basic, minivault_23
D:6:      gammafunk_wand_slinger, layout_gridville, serial_shops, shop
D:7:      layout_loops_ring, grunt_temple_overflow_champion_of_chaos,
          mainiacjoe_overflow_two_lobes, glass_columns_b, uniq_maggie,
          uniq_duvessa
D:8:      layout_loops_ring
D:9:      layout_irregular_city, orc_0_dummy, serial_column_ruins,
          column_ruins_hut, column_ruins_open_medium, column_ruins_open_small,
          column_ruins_open_small, column_ruins_open_small,
          column_ruins_corridor_water
D:10:     layout_roguey, due_lair_maze_entry_diamond, uniq_joseph
D:11:     layout_irregular_city, chequers_avenue
D:12:     layout_cave_pods, tso_oasis_becter
Temple:   eino_temple_lava
Lair:1:   layout_layer_cave, gammafunk_ghost_hydra_chop,
          bh_autumn_forest_stairs, uniq_erica
Lair:2:   layout_cellular_growth, swamp_mist_pool, spider_nest_entry_a,
          basic_altar, lightli_volcano_entry_magma_tube, nzn_sisyphean_effort
Lair:3:   layout_cellular_growth, minivault_24, grunt_megastairs_5,
          uniq_gastronok
Lair:4:   kb_forest_paths, layout_regular_city
Lair:5:   wander_river, layout_loops_ring
Lair:6:   evilmike_catoblepas_cave, layout_cave_pods,
          minmay_slime_entry_oklob_enclosed, chequers_serial_rivers_micro_e,
          uniq_urug
Swamp:1:  layout_basic_swamp, serial_swamp_ruin, evilmike_swamp_ruin_house_3,
          hangedman_swamp_ruin_hall
Orc:1:    layout_caves, nicolae_orc_flooded_monolith
Orc:2:    grunt_orc_community_town_hall, layout_caves,
          grunt_orc_community_big_house_1, grunt_orc_community_big_house_2,
          grunt_orc_community_house_3, grunt_orc_community_house_1,
          grunt_orc_community_house_1, grunt_orc_community_house_3,
          grunt_orc_community_house_1, grunt_orc_community_house_3

Skill      XL: |  1  2  3  4  5  6  7  8  9 10 11 12 13 14 15 |
---------------+----------------------------------------------+-----
Long Blades    | 4 5 6 7 8 9 11 12 13 14 15 | 15.8
Fighting       | 3 4 5 6 8 9 10 11 13 14 15 | 15.6
Armour         | 1 2 3 4 5 6 7 8 9 10 11 | 11.4
Dodging        | 4 5 6 7 8 9 10 11 | 11.0
Invocations    | 1 2 4 5 6 7 8 |  8.7
Transmutations | 2 3 4 5 6 7 |  7.1
Spellcasting   | 1 2 3 4 5 6 |  6.0
Shields        | 2 4 5 |  5.8
Throwing       | 4 |  4.3

Action                   |  1- 3 |  4- 6 |  7- 9 | 10-12 | 13-15 || total
-------------------------+-------+-------+-------+-------+-------++-------
Melee: Long sword        |    65 |    70 |    60 |       |       ||   195
       Headbutt          |    10 |    14 |    31 |    91 |   280 ||   426
       Great sword       |       |       |   101 |   237 |    84 ||   422
       Scimitar          |       |       |       |    70 |   783 ||   853
Throw: Dart              |       |       |    11 |     2 |     1 ||    14
       Throwing net      |       |       |       |     1 |       ||     1
       Boomerang         |       |       |       |       |     1 ||     1
 Cast: Wereblood         |       |       |     1 |    15 |    48 ||    64
Invok: Draw Destruction  |       |       |       |    12 |     4 ||    16
       Triple Draw       |       |       |       |     1 |       ||     1
       Draw Summoning    |       |       |       |     2 |       ||     2
       Deal Four         |       |       |       |       |     5 ||     5
Evoke: Wand              |       |       |     4 |    13 |     3 ||    20
  Use: Scroll            |     5 |     5 |     6 |     9 |    12 ||    37
       Potion            |       |       |     1 |       |     1 ||     2
 Stab: Sleeping          |     1 |       |       |       |       ||     1
       Held in net/web   |       |       |       |     2 |       ||     2
       Petrified         |       |       |       |       |     6 ||     6
       Confused          |       |       |       |       |     1 ||     1
Armor: Leather armour    |    18 |    12 |    48 |    27 |       ||   105
       Acid dragon scale |       |       |    15 |       |       ||    15
       Ring mail         |       |       |       |   118 |   287 ||   405
Dodge: Dodged            |    47 |    45 |   136 |   250 |   461 ||   939
Block: Buckler           |       |       |       |       |   207 ||   207
       Rpst.: Long sword |    12 |    12 |    10 |       |       ||    34
       Great sword       |       |       |    18 |    42 |    16 ||    76
       Scimitar          |       |       |       |    13 |   100 ||   113
